 Dungeon Crawl Stone Soup version 0.31-a0-175-g9f7f995f2b (webtiles) character file.

Game seed: 9464988681703795586

166 qw the Chopper (level 5, -2/32 HPs)
             Began as a Gargoyle Fighter on June 17, 2023.
             Killed by divine providence
             ... invoked by an orc priest
              (15 damage)
             ... on level 3 of the Dungeon.
             The game lasted 00:01:26 (2280 turns).

qw the Chopper (Gargoyle Fighter)                   Turns: 2280, Time: 00:01:26

Health: -2/32      AC: 13    Str: 22    XL:     5   Next: 47%
Magic:  5/5        EV:  8    Int:  8    God:
Gold:   132        SH:  4    Dex:  9    Spells: 4/4 levels left

rFire   . . .        Y - +0 war axe
rCold   . . .        c - +0 buckler
rNeg    + + .        j - +0 chain mail
rPois   inf          (no helmet)
rElec   +            (no cloak)
rCorr   .            (no gloves)
SInv    .            (no boots)
Will    .....        (no amulet) Stlth
                     f - ring of positive energy
HPRegen 0.25/turn    (no ring)
MPRegen 0.09/turn

%: no passive effects
@: no status effects
A: sickness immunity, AC +4, negative energy resistance 1, electricity
resistance, torment resistance 1, petrification resistance
a: no special abilities


You were on level 3 of the Dungeon.
You visited 1 branch of the dungeon, and saw 3 of its levels.

You collected 132 gold pieces.


Innate Abilities, Weirdness & Mutations

You are immune to sickness and miasma.
Your stone body is resilient. (AC +4)
You are immune to poison.
You resist negative energy. (rN+)
You are resistant to electric shocks. (rElec)
You are resistant to unholy torment.
You are immune to petrification.


   Skills:
 + Level 3.3 Fighting
 - Level 5.0 Axes
 - Level 3.2 Armour
 - Level 3.2 Shields


You had 4 spell levels left.
You didn't know any spells.
Your spell library was empty.

Inventory:

Hand Weapons
 l - a +0 morningstar
 Y - a +0 war axe (weapon)
Armour
 c - a +0 buckler (worn)
 j - a +0 chain mail (worn)
Jewellery
 f - a ring of positive energy (left hand)
Scrolls
 b - a scroll of teleportation
Potions
 d - 2 potions of might
 g - a potion of degeneration {unknown}
 h - a potion of enlightenment {unknown}
 i - a potion of haste {unknown}
 k - 2 potions of heal wounds

Dungeon Overview and Level Annotations

Branches:
Dungeon (3/15)

Altars:

Annotations:
D:3 2 runed translucent doors, qw's ghost, amateur NaHu


Message History

Enter note:
Enter note:
Enter note:
Enter note: The orc wizard mumbles some strange words.
The orc wizard flickers and vanishes!
Deactivating autopickup; reactivate with Ctrl-A.
You slash the kobold!
You kill the kobold!
You hit the orc but do no damage. You closely miss the orc.
The orc hits you but does no damage. The orc closely misses you.
You block something's attack.
You hit the orc.
The orc is almost dead.
You barely miss something. The orc hits you but does no damage.
The orc priest calls upon Beogh to heal the orc.
You hear some strange, mumbled words.
You are confused.
The orc closely misses you. x2; Something hits you but does no damage.
The orc barely misses you. The orc hits you but does no damage.
The orc priest looks satisfied for a moment.
Something hits you but does no damage. The orc barely misses you.
The orc hits you but does no damage. Something hits you but does no damage.
The orc hits you but does no damage. The orc barely misses you.
Something hits you. The orc hits you but does no damage.
The orc barely misses you.
The orc priest hits you but does no damage.
You hear some strange, mumbled words.
A magic dart appears from out of thin air!
The magic dart hits you! The orc hits you but does no damage.
The orc hits you with a +0 hand axe. The orc priest barely misses you.
Something hits you.
You feel less confused. The orc hits you but does no damage.
The orc priest mumbles some strange prayers to Beogh against you.
Beogh smites you!
You die...

#.# #.# #.# #.# #.# #.#
#.# #.# #.## #.#
###.######... #.#
##...........# #.#
#..#########.# #####
#.# #.###........# #...
#.####.##......oo.###.#
......[#o......o@.....#
..###..#}......{o..#..#
#.#
######.#$......o...##.#
#.#
.......##.........###.#
#.# ######.###........#
#.# #.# #
#..#########.# #.# #.#
#............# #.# #.#
#.############
#.####.#####.
#.############
#............


You could see an orc priest and 4 orcs.

Vanquished Creatures
  An orc wizard (D:2)
  7 adders
  3 dart slugs
  5 orcs
  3 bats
  5 endoplasms
  A giant cockroach (D:1)
  9 goblins
  7 hobgoblins
  2 jackals (D:1)
  9 kobolds
  A quokka (D:1)
  6 ball pythons
  5 frilled lizards
  3 rats
67 creatures vanquished.

Notes
Turn   | Place    | Note
-------+----------+-------------------------------------------
     0 | D:1      | qw the Gargoyle Fighter began the quest for the Orb.
     0 | D:1      | Reached XP level 1. HP: 14/14 MP: 1/1
     0 | D:1      | 0 ||| qw: Version: 0.3-a-2-g5ab2908
     0 | D:1      | 0 ||| qw: Game counter: 205
     0 | D:1      | 0 ||| qw: Always use a shield: true
     0 | D:1      | 0 ||| qw: God list: Okawaru
     0 | D:1      | 0 ||| qw: Allow faded altars: false
     0 | D:1      | 0 ||| qw: Do Orc after D:15 true
     0 | D:1      | 0 ||| qw: Do second Lair branch before Depths: true
     0 | D:1      | 0 ||| qw: Lair rune preference: random
     0 | D:1      | 0 ||| qw: Plans: Normal, Zot:1-4, Slime:5, God:TSO, Crypt,
                  | Tomb, Abyss, Pan, Hells, Win
     0 | D:1      | 0 ||| PLANNING D:1-11
    16 | D:1      | 16 ||| Stepping ~*~*~tactically~*~*~ (stealth).
    24 | D:1      | Reached skill level 2 in Axes
    99 | D:1      | Reached XP level 2. HP: 19/19 MP: 2/2
   235 | D:1      | 235 ||| Stepping ~*~*~tactically~*~*~ (hiding).
   364 | D:1      | Reached skill level 3 in Axes
   392 | D:1      | Reached XP level 3. HP: 20/23 MP: 3/3
   546 | D:1      | 546 ||| Stepping ~*~*~tactically~*~*~ (stealth).
   730 | D:1      | 730 ||| UPGRADING to ring of positive energy.
   731 | D:1      | 731 ||| READING scroll labelled GOFIUZ PYILOIKK.
   942 | D:2      | 942 ||| Stepping ~*~*~tactically~*~*~ (hiding).
   948 | D:2      | Reached XP level 4. HP: 28/28 MP: 4/4
   977 | D:2      | Reached skill level 4 in Axes
  1021 | D:2      | 1021 ||| Stepping ~*~*~tactically~*~*~ (stealth).
  1023 | D:2      | 1023 ||| Stepping ~*~*~tactically~*~*~ (stealth).
  1025 | D:2      | 1025 ||| Stepping ~*~*~tactically~*~*~ (stealth).
  1027 | D:2      | 1027 ||| Stepping ~*~*~tactically~*~*~ (stealth).
  1197 | D:2      | 1197 ||| DROPPING +0 club.
  1198 | D:2      | 1198 ||| DROPPING +0 mace.
  1241 | D:2      | 1241 ||| Stepping ~*~*~tactically~*~*~ (stealth).
  1242 | D:2      | 1242 ||| Stepping ~*~*~tactically~*~*~ (stealth).
  1707 | D:2      | 1707 ||| UPGRADING to +0 chain mail.
  1717 | D:2      | 1717 ||| DROPPING +0 scale mail.
  1718 | D:2      | 1718 ||| READING scroll labelled OLOGYO MEZXIUCH.
  1719 | D:2      | 1719 ||| READING 2 scrolls labelled IMORGH GUNANN.
  1720 | D:2      | 1720 ||| READING scroll labelled BERYFRIPNUA.
  1721 | D:2      | 1721 ||| DROPPING scroll of revelation.
  1767 | D:3      | Reached XP level 5. HP: 31/32 MP: 5/5
  1791 | D:3      | 1791 ||| Stepping ~*~*~tactically~*~*~ (hiding).
  1793 | D:3      | 1793 ||| Stepping ~*~*~tactically~*~*~ (hiding).
  1990 | D:3      | Found a large runed translucent door.
  1991 | D:3      | Found a large runed translucent door.
  1993 | D:3      | Noticed qw's ghost (amateur NaHu)
  2047 | D:3      | 2047 ||| Stepping ~*~*~tactically~*~*~ (stealth).
  2048 | D:3      | 2048 ||| Stepping ~*~*~tactically~*~*~ (stealth).
  2208 | D:3      | 2208 ||| DROPPING +1 scale mail of positive energy.
  2209 | D:3      | 2209 ||| READING scroll labelled KAUHIO KUAGEYQ.
  2210 | D:3      | 2210 ||| DRINKING 3 fuming blue potions.
  2233 | D:3      | Reached skill level 5 in Axes
  2280 | D:3      | Killed from afar by an orc priest

Levels and vault maps discovered:
D:1:      dpeg_arrival_arbitrary_b, layout_basic, minmay_vboxes
D:2:      minmay_general_purpose_star, layout_loops_cross,
          minmay_misc_feat_alley
D:3:      cheibrodos_pilgrimage, layout_loops_ring,
          shapermc_ecumenical_altar_notcrosses, ebering_ghost_disaster_area

Skill      XL: |  1  2  3  4  5 |
---------------+----------------+-----
Axes           | 2 3 4 5 |  5.0
Fighting       | |  3.3
Armour         | |  3.2
Shields        | |  3.2

Action                     |  1- 3 |  4- 6 || total
---------------------------+-------+-------++-------
  Melee: War axe           |   139 |    95 ||   234
    Use: Scroll            |     1 |     4 ||     5
         Potion            |       |     1 ||     1
 Armour: Scale mail        |    69 |    26 ||    95
         Chain mail        |       |    32 ||    32
  Dodge: Dodged            |    68 |    47 ||   115
  Block: Buckler           |    31 |     7 ||    38

Table legend:
 A = Non-vault XP
 B = Vault XP
 C = Vault XP percentage of total XP
 D = Non-vault monster count
 E = Vault monster count
 F = Vault count percentage of total count
                 A         B        C        D         E       F
            +---------+---------+-------+---------+---------+-------
      Total |     221 |      17 |   7.1 |      57 |      10 |  14.9
            +---------+---------+-------+---------+---------+-------
        D:1 |      33 |      11 |  25.0 |      19 |       6 |  24.0
        D:2 |     113 |       6 |   5.0 |      23 |       4 |  14.8
        D:3 |      75 |       0 |   0.0 |      15 |       0 |   0.0
            +---------+---------+-------+---------+---------+-------
